 Dungeon Crawl Stone Soup version 0.18.1-6-gd335043 (webtiles) character file.

155 Gingerlord the Skirmisher (level 5, 0/42 HPs)
             Began as a Formicid Abyssal Knight on May 17, 2016.
             Was a Believer of Lugonu.
             Succumbed to an adder's poison
             ... on level 3 of the Dungeon.
             The game lasted 00:04:18 (3464 turns).

Gingerlord the Skirmisher (Formicid Abyssal Knight) Turns: 3464, Time: 00:04:18

Health: 0/42       AC:  5    Str: 14 (16) XL:     5   Next: 63%
Magic:  16/16      EV: 11    Int: 12      God:    Lugonu [**....]
Gold:   130        SH:  0    Dex:  9 (11) Spells: 0 memorised, 4 levels left

rFire  . . .     SeeInvis +     a - +2 falchion
rCold  . . .     Gourm    .     d - +0 ring mail (curse)
rNeg   . . .     Faith    .     (no shield)
rPois  .         Spirit   .     (helmet unavailable)
rElec  .         Dismiss  .     (no cloak)
rCorr  .         Reflect  .     (no gloves)
SustAt .         Harm     .     (no boots)
MR     .....                    (no amulet)
Stlth  ..........               i - ring of magical power
                                g - ring of wizardry

@: lethally poisoned (0 -> -2), not resistant to hostile enchantments, extremely
unstealthy
A: permanent stasis, dig shafts and tunnels, four strong arms, antennae 3
a: Dig, Shaft Self, Depart the Abyss, Bend Space, Renounce Religion


You were on level 3 of the Dungeon.
You worshipped Lugonu.
Lugonu was pleased with you.
You were not hungry.

You visited 1 branch of the dungeon, and saw 3 of its levels.
You visited the Abyss 1 time.

You collected 130 gold pieces.

Inventory:

Hand Weapons
 a - a +2 falchion (weapon)
Armour
 d - a cursed +0 ring mail (worn)
Jewellery
 g - a ring of wizardry (left hand)
 i - a ring of magical power (right hand)
Scrolls
 e - a scroll of immolation {unknown}
 h - a scroll of noise {unknown}
 j - a scroll of identify
Potions
 c - a potion of flight
Comestibles
 f - a meat ration
 k - a bread ration


   Skills:
 + Level 4.1 Fighting
 + Level 3.0 Long Blades
 + Level 3.2 Armour
 + Level 2.1 Dodging
 + Level 3.1 Invocations


You had 4 spell levels left.
You didn't know any spells.

Dungeon Overview and Level Annotations

Branches:
Dungeon (3/15)

Altars:


Innate Abilities, Weirdness & Mutations

You are under a permanent stasis effect.
You can dig through walls and to a lower floor.
Your four strong arms can wield two-handed weapons with a shield.
You have a pair of large antennae on your head (SInv).


Message History

You feel sick. The adder bites you but does no damage.
The adder barely misses you.
The gnoll hits you from afar with a spear.
You hit the adder.
You kill the adder!
Lugonu accepts your kill.
Your Long Blades skill increases to level 3!
The gnoll hits you from afar with a spear!
The gnoll hits you with a spear!
* * * LOW HITPOINT WARNING * * *
You see here an adder corpse.
You barely miss the gnoll.
You feel sick. The gnoll closely misses you.
You hit the gnoll.
The gnoll is moderately wounded.
The gnoll hits you with a spear.
* * * LOW HITPOINT WARNING * * *
Unknown command.
The gnoll hits you from afar with a spear.
* * * LOW HITPOINT WARNING * * *
You die...

#...# #...# #(#
#.## #..# #.g## ##
#(.†# ####+## .#
#......#.##.......
'##
#......#.@#.......
.!#
#......##.#.......
!!#
####+#.##.#.......
###..
#............
..#.##
##########.####.#
..#..
#...............#
#.#..
#.########.####.#
#.#.####.# #..#
#.#.#....# ##.#


You could see a gnoll.

Vanquished Creatures
  A jelly (D:3)
  A gnoll (D:2)
  6 adders
  A worm (D:2)
  3 dart slugs
  2 giant geckos (D:2)
  An orc (D:3)
  A ball python (D:3)
  3 giant cockroaches (D:1)
  5 goblins
  9 hobgoblins
  6 bats
  4 giant newts
  4 kobolds
  6 rats
53 creatures vanquished.

Vanquished Creatures (others)
  A kobold (D:1)
1 creature vanquished.

Grand Total: 54 creatures vanquished

Notes
Turn   | Place    | Note
--------------------------------------------------------------
     0 | Abyss:1  | Gingerlord the Formicid Abyssal Knight began the quest for the Orb.
     0 | Abyss:1  | Reached XP level 1. HP: 18/18 MP: 2/2
    50 | Abyss:1  | Found an iron altar of Okawaru.
    59 | Abyss:1  | Noticed a tentacled starspawn
    60 | D:1      | Escaped the Abyss
   113 | D:1      | Reached skill level 1 in Dodging
   348 | D:1      | Reached * piety under Lugonu
   348 | D:1      | Reached XP level 2. HP: 17/24 MP: 3/3
   614 | D:1      | Reached XP level 3. HP: 29/29 MP: 4/4
  1375 | D:2      | Reached XP level 4. HP: 13/36 MP: 5/5
  2682 | D:2      | Reached ** piety under Lugonu
  3102 | D:3      | Reached XP level 5. HP: 40/42 MP: 7/7
  3169 | D:3      | Reached skill level 4 in Fighting
  3463 | D:3      | HP: 1/42 [gnoll/spear (4)]
  3464 | D:3      | Succumbed to an adder's poison

Skill      XL: |  1  2  3  4  5 |
---------------+----------------+-----
Dodging        | 1 2 |  2.1
Armour         | 3 |  3.2
Fighting       | 4 |  4.1
Invocations    | 3 |  3.1
Long Blades    | 3 |  3.0

Action                   |  1- 3 |  4- 6 || total
-------------------------+-------+-------++-------
Melee: Falchion          |   119 |   104 ||   223
Invok: Depart the Abyss  |     1 |       ||     1
 Abil: Dig               |       |     1 ||     1
  Use: Potion            |     1 |     3 ||     4
       Scroll            |       |     3 ||     3
  Eat: Chunk             |     1 |     3 ||     4
       Bread ration      |       |     1 ||     1
Armor: Leather armour    |    34 |       ||    34
       Ring mail         |    20 |    48 ||    68
Dodge: Dodged            |    97 |    56 ||   153
